AoeStats
← ASBO

Arabia

510840572Analyzed
1v1 RM · 17h ago on Oct 2, 2026· 14m 27s· 2 players
Game mode
Random Map
Map size
Tiny (2 player)
Population
200
Speed
Normal
Resources
Standard
Victory
Conquest
Starting age
Dark Age
Ending age
Imperial Age
RankedLock teamsTeams togetherTeam positionsShared explorationLock speedFull tech treeHidden civsTurbo modeCheats
Victory
Defeat
🇩🇪 Slavs · Germany
1040
+17
🇬🇧 Wu · United Kingdom
1064
-17
Eugene
0:30 Loom
10:45 Feudal Age
11:11 Double-Bit Axe
11:12 Man-at-Arms
ASBO
5:29 Loom
9:15 Feudal Age
10:22 Double-Bit Axe
11:20 Man-at-Arms
Connection lost

Rejoining the realm…

Still unreachable

The connection could not be restored.

Session expired

The server has moved on; the page needs a fresh start.